 Dungeon Crawl Stone Soup version 0.30-a0-5-g3a90980b9d (webtiles) character file.

Game seed: 1123547628693858677

5037 Ijustatesigmund the Cleaver (level 10, -8/96 HPs)
             Began as a Hill Orc Fighter on Aug 22, 2022.
             Was a Believer of Cheibriados.
             Mangled by a death yak (10 damage)
             ... on level 8 of the Dungeon.
             The game lasted 00:18:22 (11953 turns).

Ijustatesigmund the Cleaver (Hill Orc Fighter)     Turns: 11953, Time: 00:18:23

Health: -8/96      AC: 13    Str: 24    XL:     10   Next: 55%
Magic:  13/13      EV: 10    Int: 16    God:    Cheibriados [**....]
Gold:   737        SH:  5    Dex: 20    Spells: 9/9 levels left

rFire   . . .      SeeInvis .    a - +0 war axe (vamp)
rCold   . . .      Faith    .    c - +0 buckler
rNeg    . . .      Spirit   .    b - +0 acid dragon scales
rPois   .          Reflect  .    o - +0 helmet
rElec   .          Harm     .    (no cloak)
rCorr   +          Rampage  .    v - +1 pair of gloves
Will    .....                    x - +0 pair of boots
Stlth   +.........               p - amulet of magic regeneration
HPRegen 0.26/turn                f - +6 ring of dexterity
MPRegen 0.53/turn                (no ring)

@: very slow
A: no striking features
a: Renounce Religion, Bend Time


You were on level 8 of the Dungeon.
You worshipped Cheibriados.
Cheibriados was pleased with you.
You visited 2 branches of the dungeon, and saw 10 of its levels.
You also visited: Ossuary.

You collected 737 gold pieces.

Inventory:

Hand Weapons
 a - a +0 vampiric war axe (weapon)
Missiles
 d - a throwing net (quivered)
Armour
 b - +0 acid dragon scales (worn)
 c - a +0 buckler (worn)
 o - a +0 helmet (worn)
 v - a +1 pair of gloves (worn)
 x - a +0 pair of boots (worn)
Jewellery
 f - a +6 ring of dexterity (left hand)
 p - an amulet of magic regeneration (around neck)
Wands
 t - a wand of digging (3)
Scrolls
 g - 4 scrolls of teleportation
 i - 2 scrolls of fog
 j - 2 scrolls of summoning
 k - a scroll of identify
 l - 2 scrolls of amnesia
 s - 3 scrolls of brand weapon
 u - a scroll of enchant armour
 w - 4 scrolls of immolation
 y - a scroll of fear
 B - a scroll of magic mapping
Potions
 e - a potion of attraction
 h - a potion of ambrosia
 m - 2 potions of magic
 n - 2 potions of mutation
 q - a potion of flight
 r - 2 potions of lignification
 z - 3 potions of brilliance


   Skills:
 + Level 11.4 Fighting
 + Level 12.1 Axes
 - Level 8.7 Armour
 - Level 3.2 Shields
 + Level 4.7 Invocations


You had 9 spell levels left.
You didn't know any spells.
Your spell library contained the following spells:

 Spells                   Type           Power      Damage    Failure   Level
 Poisonous Vapours        Pois/Air       0%         N/A       52%         2
 Sublimation of Blood     Necr           0%         N/A       52%         2
 Corpse Rot               Necr/Pois/Air  0%         N/A       98%         4
 Petrify                  Tmut/Erth      0%         N/A       98%         4
 Irradiate                Conj/Tmut      0%         3d11      100%        5


Dungeon Overview and Level Annotations

Branches:
Dungeon (9/15)             Temple (1/1) D:6         Ossuary (visited)
   Lair: D:8-11         Orc: D:9-12

Altars:
Ashenzari
Cheibriados
Dithmenos
Elyvilon
Fedhas
Gozag
Hepliaklqana
Kikubaaqudgha
Makhleb
Nemelex Xobeh
Okawaru
Qazlal
Ru
Sif Muna
Trog
Uskayaw
Wu Jian
Xom
Yredelemnul
Zin
The Shining One

Shops:
D:4 :


Message History

The death yak gores you!
* * * LOW HITPOINT WARNING * * *
The steam dragon closely misses you.
The steam dragon claws you but does no damage.
You hit the death yak.
You feel better.
The death yak is lightly wounded.
You slash the steam dragon!
You are engulfed in a cloud of scalding steam.
The death yak barely misses you.
The steam dragon bites you but does no damage.
The steam dragon closely misses you. The death yak gores you!!
* * * LOW HITPOINT WARNING * * *
The steam dragon bites you.
* * * LOW HITPOINT WARNING * * *
The steam dragon claws you but does no damage.
Unknown command.
The death yak closely misses you. The steam dragon barely misses you.
The steam dragon closely misses you. The death yak gores you.
* * * LOW HITPOINT WARNING * * *
The steam dragon breathes steam at you. The ball of steam misses you.
The death yak attacks as you move away! The death yak gores you!
* * * LOW HITPOINT WARNING * * *
You feel less invigorated.
You feel less confused. The steam dragon bites you.
* * * LOW HITPOINT WARNING * * *
The steam dragon claws you but does no damage.
You slash the death yak!
The death yak is lightly wounded.
You hit the steam dragon.
You feel better. The death yak gores you!
* * * LOW HITPOINT WARNING * * *
The steam dragon breathes steam at you. The ball of steam misses you.
Really quaff the potion of lignification?
Really become a tree while standing in a cloud of steam?
Okay, then.
The death yak gores you!
You die...

#.# #.#..###...(...
#.###.#..##........
#...(..............
#..##.#####........
#..##.# ##.......
#..##.# #.......
#..##.# #.......
#§YD..# #.......
##@##.######.#.....
#.##........##....
#.##.######.......
#........))<.....#
##################


You could see a death yak and a steam dragon (catching breath).

Vanquished Creatures
  Pikel (D:3)
  2 steam dragons
  2 water moccasins
  An acid dragon (D:8)
  3 black bears
  A sky beast (D:7)
  3 ice beasts
  3 orc warriors
  4 ogres
  3 centaurs
  A lemure (D:3)
  A phantom (D:6)
  2 kobold brigands
  A gnoll sergeant (D:8)
  5 bullfrogs
  3 scorpions (D:5)
  14 killer bees
  A howler monkey (D:6)
  3 hounds
  2 jellies
  3 orc priests
  3 gnoll boudas
  2 iguanas
  Natasha (thrice) (D:4)
  7 orc wizards
  8 mummies (Ossuary)
  26 gnolls
  5 adders
  A shadow imp (D:4)
  A white imp (D:6)
  An ufetubus (D:5)
  A worm (D:2)
  A dart slug (D:1)
  27 orcs
  4 endoplasms
  4 giant cockroaches
  8 goblins
  6 hobgoblins
  3 quokkas
  7 ball pythons
  4 bats
  3 frilled lizards
  A gnoll zombie (Ossuary)
  3 hobgoblin zombies (Ossuary)
  20 kobolds
  3 kobold zombies (Ossuary)
  An orc zombie (Ossuary)
  6 rats
218 creatures vanquished.

Vanquished Creatures (others)
  An orc wizard (D:5)
  A bush (D:6)
  7 plants
9 creatures vanquished.

Grand Total: 227 creatures vanquished

Notes
Turn   | Place    | Note
-------+----------+-------------------------------------------
     0 | D:1      | Ijustatesigmund the Hill Orc Fighter began the quest for
                  | the Orb.
     0 | D:1      | Reached XP level 1. HP: 19/19 MP: 1/1
   124 | D:1      | Reached skill level 3 in Axes
   155 | D:1      | Reached XP level 2. HP: 24/27 MP: 2/2
   454 | D:1      | Reached XP level 3. HP: 31/33 MP: 3/3
   505 | D:1      | Found a faded altar of an unknown god.
  1353 | D:2      | Reached XP level 4. HP: 41/41 MP: 4/4
  2062 | D:3      | Reached skill level 4 in Axes
  2975 | D:4      | Reached XP level 5. HP: 41/47 MP: 5/5
  3059 | D:4      | Found a sand-covered staircase.
  3066 | Ossuary  | Entered an ossuary
  3113 | Ossuary  | Reached skill level 5 in Fighting
  3118 | Ossuary  | Reached skill level 5 in Axes
  3379 | Ossuary  | Reached XP level 6. HP: 45/56 MP: 6/6
  3449 | Ossuary  | Reached skill level 5 in Armour
  3742 | D:4      | Noticed Natasha
  3751 | D:4      | Killed Natasha
  3973 | D:4      | Noticed Natasha
  3980 | D:4      | Killed Natasha
  4094 | D:4      | Found Cucseiq's Self-Improvement Boutique.
  4128 | D:4      | Noticed Pikel
  4204 | D:3      | Killed Pikel
  4205 | D:3      | Reached skill level 6 in Axes
  4205 | D:3      | Reached XP level 7. HP: 42/64 MP: 7/7
  4937 | D:5      | Entered Level 5 of the Dungeon
  5117 | D:4      | Noticed Natasha
  5131 | D:4      | Killed Natasha
  5132 | D:4      | Reached skill level 7 in Axes
  5804 | D:5      | Reached XP level 8. HP: 73/73 MP: 8/8
  6304 | D:5      | Reached skill level 8 in Axes
  7747 | D:6      | Found a staircase to the Ecumenical Temple.
  7775 | D:6      | Reached XP level 9. HP: 56/82 MP: 9/9
  7988 | D:6      | Reached skill level 9 in Axes
  8468 | Temple   | Entered the Ecumenical Temple
  9407 | D:7      | Reached skill level 10 in Axes
  9769 | D:7      | Reached skill level 10 in Fighting
 10000 | D:7      | Reached skill level 11 in Axes
 10044 | D:7      | Reached XP level 10. HP: 94/94 MP: 10/10
 10148 | Temple   | Became a worshipper of Cheibriados the Contemplative
 10285 | D:7      | Reached skill level 1 in Invocations
 10554 | D:8      | Reached * piety under Cheibriados
 11268 | D:8      | Reached skill level 12 in Axes
 11671 | D:9      | Reached ** piety under Cheibriados
 11925 | D:9      | Noticed a death yak
 11931 | D:9      | Noticed a death yak
 11951 | D:8      | HP: 4/96 [death yak (8)]
 11953 | D:8      | Mangled by a death yak

Illustrated notes

Levels and vault maps discovered:
D:1:      onia_arrival_mini_maze, layout_basic,
          shapermc_ecumenical_altar_starsandcircs,
          chequers_serial_rivers_micro_a, nicolae_grassy_gnolls
D:2:      layout_loops_cross
D:3:      layout_loops_corners
D:4:      layout_layer_cave, nicolae_ossuary_entry_false_entrances,
          nicolae_shop_self_help, uniq_pikel, uniq_natasha
D:5:      layout_layer_cave
D:6:      layout_basic, minmay_temple_entry_gardened_gates, serial_park_tiny_2
D:7:      layout_gridville
D:8:      layout_loops_ring, kennysheep_generic_room_12
D:9:      layout_stronghold, dpeg_lair_monsters
Temple:   kilobyte_greek_temple

Skill      XL: |  1  2  3  4  5  6  7  8  9 10 |
---------------+-------------------------------+-----
Axes           | 3 4 5 6 7 8 11 12 | 12.1
Fighting       | 4 5 6 7 8 10 11 | 11.4
Armour         | 4 6 7 8 |  8.7
Invocations    | 4 |  4.7
Shields        | |  3.2

Action                   |  1- 3 |  4- 6 |  7- 9 | 10-12 || total
-------------------------+-------+-------+-------+-------++-------
Melee: War axe           |    89 |   156 |   307 |   210 ||   762
  Use: Scroll            |       |    14 |    11 |     1 ||    26
       Potion            |       |     9 |     2 |     5 ||    16
Armor: Scale mail        |    42 |    45 |   155 |       ||   242
       Skin              |       |    41 |       |       ||    41
       Chain mail        |       |       |    26 |    79 ||   105
       Acid dragon scale |       |       |       |    83 ||    83
Dodge: Dodged            |    37 |    66 |   152 |   114 ||   369
Block: Buckler           |    19 |    30 |    80 |    78 ||   207

Table legend: (Time is in decaauts)
 A = Elapsed time spent in this place.
 B = Non-inter-level travel time spent in this place.
 C = Inter-level travel time spent in this place.
 D = Time resting spent in this place.
 E = Time spent auto-exploring this place.
 F = Levels seen in this place.
 G = Mean time per level.
                   A        B        C        D        E       F      G
               +--------+--------+--------+--------+--------+-----+--------+
         Total |  12414 |  11887 |    527 |   2698 |   7452 |  11 | 1128.5 |
       Dungeon |  11577 |  11148 |    429 |   2442 |   7092 |   9 | 1286.3 |
        Temple |    276 |    178 |     98 |      0 |    165 |   1 |  276.0 |
       Ossuary |    560 |    560 |      0 |    256 |    195 |   1 |  560.0 |
               +--------+--------+--------+--------+--------+-----+--------+

Top non-repeatable levels by time:
     D:5: 2166 daAuts
     D:4: 1794 daAuts
     D:8: 1647 daAuts
     D:6: 1436 daAuts
     D:3: 1382 daAuts
     D:1: 1062 daAuts
     D:7: 893 daAuts
     D:2: 813 daAuts
 Ossuary: 560 daAuts
     D:9: 379 daAuts
  Temple: 276 daAuts
